 Dungeon Crawl Stone Soup version 0.28.0-45-g0d030f2227 (webtiles) character file.

Game seed: 1981913399810495641

1684 dianekeaton the Ruffian (level 8, -4/57 (67) HPs)
             Began as a Troll Hedge Wizard on Apr 12, 2022.
             Was a Believer of Okawaru.
             Slain by a wight
             ... wielding a +3 long sword
              (7 damage)
             ... on level 7 of the Dungeon on Apr 13, 2022.
             The game lasted 00:22:46 (6136 turns).

dianekeaton the Ruffian (Troll Hedge Wizard)        Turns: 6136, Time: 00:22:47

HP:   -4/57 (67)    AC:  7    Str: 19    XL:     8   Next: 71%
MP:   3/10          EV:  9    Int: 18    God:    Okawaru [**....]
Gold: 391           SH:  0    Dex:  9    Spells: 7/11 levels left

rFire   . . .      SeeInvis .     - Unarmed
rCold   . . .      Faith    .   (no shield)
rNeg    . . .      Spirit   .   b - +2 robe
rPois   .          Reflect  .   c - +1 hat
rElec   .          Harm     .   (no cloak)
rCorr   .          Rampage  .   (gloves unavailable)
Will    .....                   (boots unavailable)
Stlth   +.........              (no amulet)
HPRegen 0.99/turn               e - +6 ring of intelligence
MPRegen 0.12/turn               (no ring)

@: heavily drained
A: large, unfitting armour, claws 3, regeneration 1, shaggy fur 1, tough skin 1
a: Renounce Religion, Heroism


You were on level 7 of the Dungeon.
You worshipped Okawaru.
Okawaru was pleased with you.
You visited 2 branches of the dungeon, and saw 8 of its levels.
You also visited: Sewer and Ossuary.

You collected 391 gold pieces.

Inventory:

Hand Weapons
 E - a +4 quarterstaff of chaos
Armour
 b - a +2 robe (worn)
 c - a +1 hat (worn)
Jewellery
 d - a ring of fire
 e - a +6 ring of intelligence (left claw)
 j - a ring of wizardry
 k - a ring of flight
 l - an amulet of magic regeneration
Wands
 f - a wand of paralysis (12)
 q - a wand of polymorph (20)
 t - a wand of flame (45)
 z - a wand of mindburst (4)
 F - a wand of digging (8)
Scrolls
 a - a scroll of magic mapping {unknown}
 o - a scroll of fear
 r - a scroll of enchant armour
 s - 2 scrolls of teleportation
 v - a scroll of identify
 w - 2 scrolls of enchant weapon
 y - a scroll of amnesia
Potions
 g - 3 potions of lignification
 h - 2 potions of mutation
 i - 4 potions of curing
 m - 3 potions of heal wounds {unknown}
 n - 3 potions of degeneration {unknown}
 p - a potion of resistance {unknown}
 u - a potion of haste
 x - a potion of ambrosia {unknown}
 A - a potion of invisibility {unknown}
 B - 2 potions of flight {unknown}
 C - 3 potions of brilliance {unknown}
 D - a potion of attraction {unknown}
 G - a potion of might {unknown}


   Skills:
 - Level 1.5 Dodging
 - Level 1.0 Stealth
 - Level 7.4 Unarmed Combat
 - Level 2.0 Spellcasting
 + Level 4.3 Conjurations
 - Level 0.6 Summonings
 - Level 0.6 Translocations
 + Level 3.8 Air Magic


You had 7 spell levels left.
You knew the following spells:

 Your Spells              Type           Power      Damage    Failure   Level
a - Magic Dart            Conj           68%        1d6       3%          1
b - Mephitic Cloud        Conj/Pois/Air  11%        N/A       19%         3

Your spell library contained the following spells:

 Spells                   Type           Power      Damage    Failure   Level
 Slow                     Hex            4%         N/A       19%         1
 Blink                    Tloc           6%         N/A       22%         2
 Conjure Flame            Conj/Fire      9%         6-21      22%         3
 Confusing Touch          Hex            1%         N/A       47%         3
 Ozocubu's Armour         Ice            1%         N/A       47%         3
 Vampiric Draining        Necr           1%         2d6       47%         3
 Metabolic Englaciation   Hex/Ice        0%         N/A       99%         5
 Call Imp                 Summ           Unusable   N/A       N/A         2
 Simulacrum               Ice/Necr       Unusable   N/A       N/A         6

Dungeon Overview and Level Annotations

Branches:
Dungeon (7/15)             Temple (1/1) D:4           Sewer (visited)
Ossuary (visited)

Altars:
Ashenzari
Elyvilon
Gozag
Hepliaklqana
Kikubaaqudgha
Okawaru
Ru
Sif Muna
Uskayaw
Wu Jian
Xom
Yredelemnul
Zin
The Shining One

Shops:
D:5 [   D:7 (**

Annotations:
D:2 Sigmund


Innate Abilities, Weirdness & Mutations

You are too large for most types of armour.
You have claws for hands.
Your natural rate of healing is unusually fast.
You are covered in fur. (AC +1)
You have tough skin. (AC +1)


Message History

The wight is almost destroyed.
The wight hits you from afar with a +0 spear.
Aiming: Magic Dart (safe; 3% risk of failure)
Press: ? - help, Q - select action, (/) - cycle Shift-Dir - straight line, f/p - wight
Aim: a wight, wielding a +0 spear and wearing a +0 robe (almost destroyed, 100% to hit)
The magic dart hits the wight.
The wight is almost destroyed.
The wight barely misses you. The wight hits you with a +0 spear.
You feel drained.
You barely miss the wight.
The wight is almost destroyed.
The wight hits you with a +0 spear.
* * * LOW HITPOINT WARNING * * *
You claw the wight!
You destroy the wight!
Okawaru accepts your kill.
You scratch the wight.
The wight is moderately damaged.
You claw the wight!
The wight is severely damaged.
The wight hits you with a +3 long sword!
* * * LOW HITPOINT WARNING * * *
You feel drained.
* * * LOW HITPOINT WARNING * * *
You closely miss the wight.
The wight is severely damaged.
The wight closely misses you.
You completely miss the wight.
The wight is severely damaged.
The wight hits you with a +3 long sword!
* * * LOW HITPOINT WARNING * * *
You feel drained.
* * * LOW HITPOINT WARNING * * *
You closely miss the wight.
The wight is severely damaged.
The wight hits you but does no damage.
You scratch the wight but do no damage.
The wight is severely damaged.
The wight hits you with a +3 long sword!
You die...

### #.# #.# #.# #.# #######
#.####'#### #########.....#
#.##......# #......##...)).
>.##......# #......##....#.
..##.....(#########......#.....#z
...'............@z.............#.
..##......##.#############.#...#.
.))∩......##.# .....#.#.
..........##.# ....(#..###
#..#.#.#####.# #.#####...#
#....#.# #.# # #..... #.######
### ###.#. #.. .. #.#


You could see a wight.

Vanquished Creatures
  A steam dragon (D:6)
  An ice beast (D:6)
  A necrophage (D:7)
  4 ogres
  A centaur (D:5)
  A phantom (D:5)
  2 water moccasin skeletons (D:5)
  3 wights (D:7)
  2 bullfrog zombies
  3 orc priests
  2 jellies
  2 bullfrog skeletons
  Crazy Yiuf (D:6)
  A hound (D:6)
  2 centaur skeletons (D:7)
  Ijyb (D:5)
  3 iguanas
  An orc wizard (D:7)
  6 adders
  A worm (D:3)
  4 dart slugs
  10 orcs
  11 ball pythons
  5 endoplasms
  3 giant cockroaches
  12 goblins
  9 hobgoblins
  8 jackals
  2 quokkas
  4 bats
  5 frilled lizards
  5 kobolds
  9 rats
126 creatures vanquished.

Notes
Turn   | Place    | Note
-------+----------+-------------------------------------------
     0 | D:1      | dianekeaton the Troll Hedge Wizard began the quest for the
                  | Orb.
     0 | D:1      | Reached XP level 1. HP: 16/16 MP: 2/2
    98 | D:1      | Reached skill level 1 in Unarmed Combat
   151 | D:1      | Reached XP level 2. HP: 24/24 MP: 0/4
   287 | D:1      | Reached skill level 2 in Unarmed Combat
   754 | D:1      | Reached XP level 3. HP: 28/31 MP: 1/5
   797 | D:1      | Learned a level 3 spell: Mephitic Cloud
   812 | D:1      | Reached skill level 3 in Unarmed Combat
  1752 | D:2      | Found an opulent altar of Gozag.
  1823 | D:2      | Found a faded altar of an unknown god.
  1831 | D:2      | Noticed Sigmund
  2194 | D:3      | Reached XP level 4. HP: 38/39 MP: 3/6
  2461 | D:4      | Found a glowing drain.
  2481 | Sewer    | Entered a sewer
  2489 | Sewer    | Reached skill level 4 in Unarmed Combat
  2766 | Sewer    | Reached XP level 5. HP: 45/45 MP: 7/7
  2880 | D:4      | Reached skill level 5 in Unarmed Combat
  2967 | D:4      | Found a sand-covered staircase.
  2982 | Ossuary  | Entered an ossuary
  3047 | Ossuary  | Noticed a wraith
  3047 | Ossuary  | Noticed a flying skull
  3056 | Ossuary  | Noticed a flying skull
  3059 | Ossuary  | Noticed a flying skull
  3097 | Ossuary  | Noticed a flying skull
  3104 | Ossuary  | Noticed a wraith
  3211 | D:4      | Found a staircase to the Ecumenical Temple.
  3222 | Temple   | Entered the Ecumenical Temple
  3240 | Temple   | Became a worshipper of Warmaster Okawaru
  3296 | D:5      | Entered Level 5 of the Dungeon
  3361 | D:5      | Noticed an ogre
  3415 | D:5      | Killed an ogre
  3416 | D:5      | Reached skill level 6 in Unarmed Combat
  3416 | D:5      | Reached XP level 6. HP: 53/53 MP: 5/8
  3508 | D:5      | Found an opulent altar of Gozag.
  3528 | D:5      | Found Mofys's Armour Shoppe.
  3582 | D:5      | Found an ancient bone altar of Kikubaaqudgha.
  3639 | D:5      | Reached * piety under Okawaru
  3686 | D:5      | Noticed Ijyb
  3694 | D:5      | Paralysed by Ijyb for 4 turns
  3704 | D:5      | Killed Ijyb
  3782 | D:5      | Reached skill level 7 in Unarmed Combat
  3842 | D:5      | Reached XP level 7. HP: 48/59 MP: 4/9
  3900 | D:5      | Reached skill level 1 in Conjurations
  4152 | D:5      | Reached skill level 1 in Air Magic
  4432 | D:5      | Noticed a steam dragon
  4773 | D:6      | Found a white marble altar of Elyvilon.
  4791 | D:6      | Reached ** piety under Okawaru
  4981 | D:6      | Reached XP level 8. HP: 32/67 MP: 5/10
  5062 | D:6      | Found a hazy altar of Hepliaklqana.
  5063 | D:6      | Found a shimmering altar of Xom.
  5064 | D:6      | Noticed a spectral ugly thing
  5391 | D:6      | Found a runed translucent door.
  5392 | D:6      | Noticed Crazy Yiuf
  5402 | D:6      | Killed Crazy Yiuf
  5550 | D:6      | Found a glowing golden altar of the Shining One.
  5662 | D:7      | Found Qekkidio's Assorted Antiques.
  5782 | D:7      | Found Xifif's General Store.
  5908 | D:7      | Found Yxoluw's Antique Weapon Boutique.
  6134 | D:7      | HP: 2/57 [wight/+3 long sword (3)]
  6136 | D:7      | Slain by a wight

Illustrated notes

Levels and vault maps discovered:
D:1:      dpeg_arrival_morbid_curiosity, layout_loops_ring,
          minmay_rat_gold_closets
D:2:      layout_rooms, ebering_ecumenical_altar_hall, basic_altar, uniq_sigmund
D:3:      minmay_door_path, layout_basic, minmay_surrounded
D:4:      layout_cave_pools, mainiacjoe_overflow_chevrons,
          minmay_temple_entry_glassed_door, nicolae_ossuary_entry_ruins,
          portal_sewer_entry_a, uniq_eustachio
D:5:      layout_cave_pods, mainiacjoe_overflow_alcove_2,
          grunt_gozag_breadcrumbs, serial_shops, nicolae_shop_trees,
          serial_column_ruins, column_ruins_hut_pillars,
          column_ruins_hut_ruined, column_ruins_grid_1, column_ruins_grid_1,
          column_ruins_grid_1, column_ruins_open_tiny, uniq_ijyb
D:6:      layout_rooms, regret_index_temple_of_mockery, kennysheep_little_box,
          lemuel_crystal_altar, interstate_on_off, uniq_crazy_yiuf_cottage
D:7:      layout_basic, serial_shops, nicolae_shop_advertising_works
          [nicolae_subvault_shop_adworks], nicolae_shop_crystal, shop,
          nicolae_shop_waterfront, serial_curves, eino_curves_01,
          eino_curves_03, minmay_holes
Temple:   eino_temple_lava

Skill      XL: |  1  2  3  4  5  6  7  8 |
---------------+-------------------------+-----
Unarmed Combat | 1 2 3 4 6 7 |  7.4
Conjurations   | 2 4 |  4.3
Air Magic      | 2 3 |  3.8
Dodging        | |  1.5
Stealth        | |  1.0
Spellcasting   | |  2.0
Summonings     | |  0.6
Translocations | |  0.6

Action                   |  1- 3 |  4- 6 |  7- 9 || total
-------------------------+-------+-------+-------++-------
Melee: Unarmed           |    92 |   103 |   129 ||   324
       Punch             |     1 |     7 |     2 ||    10
 Cast: Magic Dart        |    61 |    43 |   101 ||   205
       Mephitic Cloud    |       |       |     1 ||     1
  Use: Scroll            |       |     8 |     7 ||    15
       Potion            |       |     1 |     3 ||     4
 Stab: Sleeping          |     2 |       |       ||     2
Armor: Robe              |    29 |    76 |    59 ||   164
Dodge: Dodged            |    41 |    95 |    51 ||   187
